Cogmind - Beta 14 @@@ ROGUE MODE // 2024.08.10 @ 17:07:13 Player: muurn Result: Destroyed by G-34 Mercenary with Small Laser Performance ------------- Evolutions (0) 0 Regions Visited (1) 200 Robots Destroyed (24) 120 Value Destroyed (658) 658 Prototype IDs (0) 0 Alien Tech Used (0) 0 Bonus (0) 0 TOTAL SCORE: 978 Bonus ------- None Cogmind --------- Core Integrity 0/250 Matter 111/300 Energy 160/160 System Corruption 0% Temperature Cool (38) Movement Treading (160) Location -10/Materials Parts ------- > --- POWER (1) -------- Light Nuclear Core > --- PROPULSION (2) --- Light Treads Light Treads > --- UTILITY (2) ------ Large Storage Unit Sensor Array > --- WEAPON (2) ------- Autogun Autogun > --- INVENTORY (15) --- Reinforced Ion Engine Heat Sink Tractor Beam Medium Laser Assault Rifle Grenade Launcher Grenade Launcher Grenade Launcher Mini Grenade Launcher Datajack Mining Laser Peak State ------------ > --- POWER ------------ Light Nuclear Core > --- PROPULSION ------- Light Treads Light Treads > --- UTILITY ---------- Large Storage Unit Sensor Array > --- WEAPON ----------- Autogun Autogun > --- INVENTORY -------- Reinforced Ion Engine Heat Sink Tractor Beam Medium Laser Assault Rifle Grenade Launcher Grenade Launcher Grenade Launcher Mini Grenade Launcher Datajack Mining Laser [Rating: 12] Favorites ----------- Power Reinforced Ion Engine Engine Reinforced Ion Engine Power Core Light Nuclear Core Propulsion Light Treads Treads Light Treads Wheel Compact Wheel Utility Large Storage Unit Device Sensor Array Storage Large Storage Unit Processor Signal Interpreter Weapon Autogun Energy Gun Medium Laser Ballistic Gun Autogun Launcher Grenade Launcher Special Melee Weapon Datajack Build | -11 -10 ------- Run | Yrd Mat Slots Evolved . | . . Power . | . . Propulsion . | . . Utility . | . . Weapon . | . . Parts Attached 31 | 9 22 Power 3 | 1 2 Engine 2 | 1 1 Core 1 | . 1 Reactor . | . . Propulsion 5 | 4 1 Treads 3 | 2 1 Leg . | . . Wheel 2 | 2 . Hover . | . . Flight . | . . Utility 5 | 1 4 Device 2 | . 2 Storage 2 | 1 1 Processor 1 | . 1 Hackware . | . . Protection . | . . Artifact . | . . Weapon 18 | 3 15 Energy Gun 3 | 2 1 Energy Cannon . | . . Ballistic Gun 9 | 1 8 Ballistic Cannon . | . . Launcher 5 | . 5 Special Weapon . | . . Impact Weapon . | . . Slashing Weapon . | . . Piercing Weapon . | . . Special Melee Weapon 1 | . 1 Unidentified Prototypes . | . . Parts Lost 1 | . 1 Power . | . . Propulsion 1 | . 1 Utility . | . . Weapon . | . . Highest Loss Streak 1 | . 1 To Critical Strikes . | . . Average Slot Usage (%) 90 | . 90 Engine 8 | . 8 Core 5 | . 5 Treads 26 | . 26 Device 4 | . 4 Storage 14 | . 14 Processor 3 | . 3 Energy Gun 8 | . 8 Ballistic Gun 12 | . 12 Launcher 3 | . 3 Special Melee Weapon 2 | . 2 Peak Build Rating 12 | 6 12 Average Rating 8 | 5 9 On Entrance 3 | . 6 Naked Turns . | . . Heaviest Build 36 | 14 36 Greatest Support 40 | 40 40 Greatest Overweight (x) 4 | 4 1 Average Overweight (x) . | . . Largest Inventory Capacity 15 | 8 15 Average Capacity 14 | 7 14 Most Carried 13 | 5 13 Average Carried 7 | 1 7 Final Capacity 15 | 8 15 Final Carried 11 | 2 11 Class Distribution -------------------- 100% | Mutant Dominant Class ---------------- Mutant | -10/Materials Resources | -11 -10 ----------- Run | Yrd Mat Matter Collected 636 | 74 562 Remotely . | . . Salvage Created 747 | . 747 Parts 45 | . 45 Haulers Intercepted . | . . Recyclers Shooed 1 | . 1 Parts Field Recycled . | . . Retrieved Matter . | . . Parts Self-Destructed . | . . Prevented . | . . Kills | -11 -10 ------- Run | Yrd Mat Combat Hostiles Destroyed 19 | . 19 Guns 14 | . 14 AOE 5 | . 5 Classes Destroyed 5 | . 5 Builder 2 | . 2 Recycler 1 | . 1 Watcher 2 | . 2 Swarmer 3 | . 3 Grunt 16 | . 16 Best Kill Streak 6 | . 6 Combat Bots Only 4 | . 4 Max Kills in Single Turn 2 | . 2 Gunslinging . | . . Exploded 1 | . 1 Melee . | . . Uniques/NPCs Destroyed . | . . Combat | -11 -10 -------- Run | Yrd Mat Hostile Shots Fired 96 | . 96 Missed 29 | . 29 Damage Taken 948 | . 948 Core 250 | . 250 Absorbed by Shields . | . . Core Remaining (%) 100 | 100 . Volleys Fired 93 | . 93 Largest 2 | . 2 Hottest 115 | . 115 Shots Fired 140 | . 140 Gun 128 | . 128 Cannon . | . . Launcher 12 | . 12 Special . | . . Kinetic 76 | . 76 Thermal 52 | . 52 Explosive 12 | . 12 Electromagnetic . | . . Robot Hit Streak 11 | . 11 Robot Miss Streak 6 | . 6 Penetration Max . | . . Secondary Targets . | . . Shots Hit Robots 78 | . 78 Core Hits 43 | . 43 Critical Kills . | . . Critical Parts Destroyed . | . . Critical Strikes 3 | . 3 Burn 3 | . 3 Melee Attacks 2 | . 2 Impact . | . . Slashing . | . . Piercing . | . . Sneak Attacks 2 | . 2 Combat Hostiles . | . . Follow-up Attacks . | . . Damage Inflicted 1445 | . 1445 Guns 1047 | . 1047 Cannons . | . . Explosions 397 | . 397 Melee . | . . Ramming 1 | . 1 Kinetic 753 | . 753 Thermal 294 | . 294 Explosive 397 | . 397 Electromagnetic . | . . Impact . | . . Slashing . | . . Piercing . | . . Highest Corruption . | . . Average Corruption . | . . Corruption Purged . | . . Corruption Blocked . | . . Overload Shots . | . . Overflow Damage . | . . Projectiles . | . . Explosions . | . . Melee . | . . Knockbacks . | . . Impact . | . . Kinetic . | . . Secondary . | . . Self-Inflicted Damage 92 | . 92 Shots 4 | . 4 Rammed 1 | . 1 Targets Rammed 1 | . 1 Kicked . | . . Crushed . | . . Highest Temperature 429 | . 429 Average Temperature 95 | . 95 Received Heat Transfer 396 | . 396 Effects 8 | . 8 Shutdowns 2 | . 2 Energy Bleed 1 | . 1 Matter Decay 2 | . 2 Short Circuit 1 | . 1 Damage (major) 2 | . 2 Siege Activations . | . . Robots Corrupted . | . . Combat Hostiles . | . . Parts Fried . | . . Impact Corruptions . | . . Robots Melted . | . . Combat Hostiles . | . . Parts Melted 1 | . 1 Heat Transferred 1088 | . 1088 Parts Sabotaged . | . . Parts Stolen . | . . Parts Stripped . | . . Power Chain Reactions . | . . Alert | -11 -10 ------- Run | Yrd Mat Peak Influence 377 | . 377 Initial . | . . Average 180 | . 199 Maximum Alert Level 1 | . 1 Low Security (%) 46 | 100 40 Level 1 53 | . 59 Level 2 . | . . Level 3 . | . . Level 4 . | . . Level 5 . | . . High Security . | . . Max Security . | . . Squads Dispatched 7 | . 7 Investigation 4 | . 4 Extermination . | . . Reinforcement 3 | . 3 Assault . | . . Garrison . | . . Intercept . | . . Searches Triggered . | . . Construction Impeded . | . . Haulers Reinforced . | . . Active Scanning Responses . | . . Cargo Convoy Interrupts . | . . Stealth | -11 -10 --------- Run | Yrd Mat Distress Signals 2 | . 2 Communications Jammed . | . . Distress Signals . | . . Times Spotted 30 | . 30 Peak Tracking Total 3 | . 3 Tactical Retreats 2 | . 2 Traps | -11 -10 ------- Run | Yrd Mat Traps Triggered 3 | . 3 Indirectly . | . . Trap Hack Attempts . | . . Triggered . | . . Disarmed . | . . Reprogrammed . | . . Reused . | . . Traps Extracted . | . . Installed . | . . Triggered . | . . Machines | -11 -10 ---------- Run | Yrd Mat Machines Disabled 1 | . 1 Max in Single Turn 1 | . 1 Machines Repaired . | . . Machines Dismantled . | . . Machines Sabotaged . | . . Overloaded Fab Kills . | . . Hacking | -11 -10 --------- Run | Yrd Mat Machines Accessed 2 | . 2 Terminals 1 | . 1 Fabricators . | . . Repair Stations . | . . Recycling Units 1 | . 1 Scanalyzers . | . . Garrison Access . | . . Total Hacks 8 | . 8 Successful 6 | . 6 Failed 2 | . 2 Catastrophic 1 | . 1 Database Lockouts . | . . Manual . | . . Terminals 3 | . 3 Fabricators . | . . Repair Stations . | . . Recycling Units 5 | . 5 Scanalyzers . | . . Garrison Access . | . . Terminal Hacks 2 | . 2 Record 2 | . 2 Fabricator Hacks . | . . Repair Station Hacks . | . . Recycling Unit Hacks 4 | . 4 Recycle Component 1 | . 1 Process 1 | . 1 Report Inventory 1 | . 1 Retrieve Matter 1 | . 1 Scanalyzer . | . . Garrison Access Hacks . | . . Unauthorized Hacks . | . . Terminals . | . . Fabricators . | . . Repair Stations . | . . Recycling Units . | . . Scanalyzers . | . . Garrison Access . | . . Data Cores Recovered . | . . Used . | . . Hacking Detections 2 | . 2 Full Trace Events 2 | . 2 Feedback Events . | . . Feedback Blocked . | . . Robot Schematics Acquired . | . . Robots Built . | . . Authchips . | . . Time . | . . Total Robot Build Rating . | . . Part Schematics Acquired . | . . Parts Built . | . . Authchips . | . . Time . | . . Total Part Build Rating . | . . Parts Repaired . | . . Time . | . . Parts Recycled 1 | . 1 Recycled Matter 135 | . 135 Retrieved Matter 135 | . 135 Retrieved Components . | . . Parts Scanalyzed . | . . Part Schematics Acquired . | . . Parts Damaged . | . . Bothacking | -11 -10 ------------ Run | Yrd Mat Used RIF Installer . | . . Robots Hacked . | . . Non-combat . | . . Combat . | . . Robot Hacks Applied . | . . Relay Couplers Released . | . . Fabnet Peak Effective % . | . . Robots Rewired . | . . Allies Hacked . | . . Hacks Repelled . | . . Allies | -11 -10 -------- Run | Yrd Mat Total Allies . | . . Largest Group . | . . Highest-Rated Group . | . . Highest-Rated Ally . | . . Total Orders . | . . Ally Attacks . | . . Total Damage . | . . Kills . | . . Allies Corrupted . | . . Allies Melted . | . . Intel | -11 -10 ------- Run | Yrd Mat Robot Analysis Total . | . . Derelict Logs Recovered . | . . Drone Launches . | . . Drone Recoveries . | . . Exploration | -11 -10 ------------- Run | Yrd Mat Turns Passed 1387 | 134 1253 Spaces Moved 654 | 75 579 Core 18 | 18 . Treads 629 | 50 579 Legs . | . . Wheels 7 | 7 . Hover . | . . Flight . | . . Fastest Speed 50 | 50 160 Average Speed 166 | 151 168 Slowest Speed 250 | 250 240 Overloaded Moves . | . . Propulsion Burnouts . | . . Robots Hopped . | . . Cave-ins Triggered . | . . Exploration Rate (%) 31 | 5 58 Regions Visited 1 Branch Regions . Pre-discovered Areas . | . . Known Exits Taken . | . . Unknown Exits Taken 1 | 1 . Scrap Searched . | . . Spaces Dug . | . . Terrain Destroyed 64 | . 64 Melee . | . . Projectile . | . . AOE 64 | . 64 Terrain Rammed . | . . Walls Destroyed . | . . Machines Disabled . | . . Actions | -11 -10 --------- Run | Yrd Mat Total 829 | 97 732 Wait . | . . Move 653 | 74 579 Hop . | . . Pick Up 30 | 10 20 Fast Attach . | . . Attach 21 | 8 13 Detach 9 | 2 7 Swap 10 | 1 9 Drop 10 | 2 8 Fire 93 | . 93 Melee 2 | . 2 Ram . | . . Kick . | . . Crush 1 | . 1 Escape Stasis . | . . Rewire . | . . Trap . | . . Miscellaneous . | . . Route ------- -11/Scrapyard -10/Materials (discovered 2 exits: [*Mat] / [*Min]) History --------- Turn | Location | Event 9 | -11/Scrapyard | Discovered new exit (range 16) 135 | -11/Scrapyard | Entered Materials 323 | -10/Materials | Build established: Mutant 634 | -10/Materials | Core integrity fell below 50% 735 | -10/Materials | Discovered new exit (range 15) 863 | -10/Materials | Discovered new exit (range 15) 1008 | -10/Materials | Core integrity fell below 20% 1388 | -10/Materials | Destroyed by G-34 Mercenary with Small Laser Last Messages --------------- U-05 Engineer builds a Wall. U-05 Engineer lays Concrete. The unstable cave ceiling collapses. R-06 Scavenger collects Aluminum Leg. R-06 Scavenger collects Heat Sink. U-05 Engineer lays Concrete. U-05 Engineer builds a Wall. The unstable cave ceiling collapses. U-05 Engineer lays Concrete. U-05 Engineer builds a Wall. The unstable cave ceiling collapses. Triggered Alarm Trap. An alarm sounds. ALERT: Alarm triggered, dispatching investigation squad. ALERT: Hostiles spotted, dispatching reinforcements to Terminal M008. G-34 Mercenary destroyed. Acquired 41 matter. G-34 Mercenary destroyed. Map ----- +----------------------------------------------------+ | | | | | | | | | ?????????????????????????????????????????????????? | | ????????#####????????????????????????????????????? | | ?######### # ##??????????????????????????????????? | | ?# """ # ####???????????????????????????????? | | ?# """ ###?????????????????????????????? | | ?# """ # # #?????????????????????????????? | | ?# ##?????????????????????????????? | | ?# # # ##?????????????????????????????? | | ?# # # ##???????????? ??????????????? | | ?######## #### ##???????????? #?????????????? | | ##"""### # #????????????? #?????????????? | | #"!!!"## # #????????????? #?????????????? | | "" ""# ! # #????????????? #?????????????? | | # # #????????????? #?????????????? | | < # # #????????????? #?????????????? | | # " """ # #????????????# #?????????????? | | # T """ # #????????????# +?????????????? | | # ## " """ #%#????????????# #?????????????? | | ## ### # #????????????# #?????????????? | | # #######+#### #?????######## #????????"""??? | | + ####### # ###### ??? | | # /@ ! !# ?? | | + ########## =# ?? | | ## ###+#### #????????# """!%/g ?? | | ## #? ?# #######??# """ =# ######????????? | | ## #?""" # %# #??# """ #? #?????????????? | | ## # """ ?# # #??######## #?????????????? | | ## # """ ?# # ? #?????????# #?????????????? | | ## # # # "" #?????????# #?????????????? | | ###[# # ?#="Y% #?????????# #?????????????? | | ###+######## / "" #?????????+ #?????????????? | | # ## %# = #?????????# #?????????????? | | # ## #######?????????# #?????????????? | | # # #??????????????# #?????????????? | | # # #??????????????# #?????????????? | | # + T #??????????????# #?????????????? | | # # #??????????????# #??????#######? | | # # #??????????????# +??????# #? | | # ## ##??????????????# #??????# #? | | ######+##### ##??????????????# #??????# #? | | # ### ################# #??????# #? | | #??????# #? | | + #??????# #? | | # #######? ?? | | # ##+#########+##### # ####/#### | | # ## = #?# ## ^ | +----------------------------------------------------+ Best States ------------- Heat Dissipation 35 Energy Generation 14 Energy Capacity 265 Matter Stores 300 Matter Capacity 300 Sight Range 16 Robot Scan Range 14 Terrain Scan Density 10 Evasion (%) 40 Recoil Reduction 2 Item Schematics ----------------- None Robot Schematics ------------------ None Fabricated ------------ Nothing Alien Tech Used ----------------- None Achievements -------------- None Challenges ------------ None Game ------ Seed GravmagPitchforkDatajack Manual? 0 Play Time 00:19:59 Cumulative 0.5 hours Start 2024.08.09 @ 17:37:51 End 2024.08.10 @ 17:07:13 Sessions 2 Manual Loads 0 Difficulty Rogue Special Mode None Game No. 3 Rogue 3 Adventurer 0 Explorer 0 Win Type - Total 0 Types 0/0/0/0/0/0/0/0/0 Lore% 0 Gallery% 3 Achievement% 3 Wizard Run 0 Options --------- Layout 1 ASCII 0 Keyboard 0 Movement Mouse Keybinds 0 Fullscreen 1 Font 48/Terminus++ Map View 50x35 Zoom Use 0% Tactical HUD 0 Map Filters NONE Filters NONE Steam 1 RUN: 211ecffe-15b1-4c06-9ab5-05b38647374e